 Dungeon Crawl Stone Soup version 0.17-a0-1562-g9b2c768 (webtiles) character file.

5497 Geomchi the Chiller (level 10, -13/74 HPs)
             Began as a Demonspawn Ice Elementalist on July 20, 2015.
             Was a Priest of Ashenzari.
             Mangled by a minotaur
             ... wielding a +4 vampiric broad axe
              (17 damage)
             ... in a labyrinth on July 21, 2015.
             The game lasted 00:32:24 (14745 turns).

Geomchi the Chiller (Demonspawn Ice Elementalist)  Turns: 14745, Time: 00:32:24

Health: -13/74     AC:  5    Str:  9      XL:     10   Next: 42%
Magic:  0/28       EV: 14    Int: 21      God:    Ashenzari [***...]
Gold:   608        SH:  7    Dex: 13 (14) Spells: 4 memorised, 9 levels left

rFire  . . .     SeeInvis +     A - +2 hand axe (freeze) (curse)
rCold  . . .     Clarity  .     a - +0 robe
rNeg   + . .     SustAt   .     i - +2 buckler (curse)
rPois  .         Gourm    .     (helmet unavailable)
rElec  .         Spirit   +     M - +0 cloak (curse)
rCorr  .         Warding  +     H - +0 pair of gloves
rMut   .         Stasis   .     E - +0 pair of boots (curse)
MR     .....                    I - amulet of warding
Stlth  ++........               k - +2 ring of intelligence (curse)
                                g - ring of magical power (curse)

@: very slightly contaminated, hasted, very quick, not resistant to hostile
enchantments, unstealthy
A: antennae 3, magic shield
a: Scrying, Renounce Religion


You were in a labyrinth.
You worshipped Ashenzari.
Ashenzari was most pleased with you.
You were hungry.

You visited 2 branches of the dungeon, and saw 10 of its levels.
You also visited: Labyrinth and Sewer.

You collected 608 gold pieces.

Inventory:

Hand weapons
 A - a cursed +2 hand axe of freezing (weapon)
 K - the +7 rapier "Hofro" {drain, rPois rN+ Str-2}
   (You found it on level 7 of the Dungeon)

   A truly terrible weapon, it drains the life of those it strikes.
   It affects your strength (-2).
   It protects you from poison.
   It protects you from negative energy.
Armour
 a - a +0 robe (worn)
 i - a cursed +2 buckler (worn)
 E - a cursed +0 pair of boots (worn)
 H - a +0 pair of gloves (worn)
 M - a cursed +0 cloak (worn)
 O - a +1 cloak of magic resistance
Jewellery
 g - a cursed ring of magical power (left hand)
 j - an uncursed ring of protection from fire
 k - a cursed +2 ring of intelligence (right hand)
 F - a +3 ring of dexterity
 I - an amulet of warding (around neck)
Scrolls
 h - 2 scrolls of blinking {unknown}
 r - a scroll of random uselessness {unknown}
 u - 4 scrolls of enchant armour
 v - 3 scrolls of teleportation {unknown}
 w - 2 scrolls of fear {unknown}
 x - a scroll of magic mapping {unknown}
 y - 3 scrolls of enchant weapon {unknown}
 C - a scroll of immolation {unknown}
 G - a scroll of brand weapon {unknown}
 J - a scroll of amnesia {unknown}
 P - a scroll of remove curse
Potions
 e - 2 potions of flight
 f - a potion of mutation
 m - a potion of magic {unknown}
 n - 3 potions of ambrosia
 o - a potion of agility {unknown}
 p - 4 potions of curing
 t - 2 potions of brilliance
 z - a potion of poison {unknown}
 D - 2 potions of cancellation {unknown}
Books
 b - a book of Frost

   Spells                             Type                      Level
   a - Freeze                         Ice                          1
   b - Throw Frost                    Conjuration/Ice              2
   c - Ozocubu's Armour               Charms/Ice                   3
   d - Throw Icicle                   Conjuration/Ice              4
   e - Summon Ice Beast               Ice/Summoning                4
   f - Condensation Shield            Ice                          4
 N - a Grand Grimoire

   Spells                             Type                      Level
   a - Monstrous Menagerie            Summoning                    6
   b - Summon Greater Demon           Summoning                    7
   c - Malign Gateway                 Summoning/Translocation      7
   d - Summon Horrible Things         Summoning                    8
Comestibles
 c - 9 bread rations {@e1}
 s - 5 meat rations {@e2}


   Skills:
 - Level 5.1 Fighting
 + Level 1.5 Short Blades
 - Level 3.0(5.5) Axes
 - Level 5.6 Dodging
 - Level 1.7 Stealth
 + Level 3.5(5.2) Shields
 - Level 6.2 Spellcasting
 - Level 6.0(7.9) Conjurations
 + Level 2.7(4.3) Charms
 - Level 7.4(9.4) Ice Magic


You had 9 spell levels left.
You knew the following spells:

 Your Spells              Type           Power        Failure   Level  Hunger
a - Freeze                Ice            ####         1%          1    None
b - Throw Icicle          Conj/Ice       #####...     2%          4    ###....
c - Ozocubu's Armour      Chrm/Ice       #####...     1%          3    #......
d - Condensation Shield   Ice            #####.....   2%          4    ###....


Dungeon Overview and Level Annotations

Branches:
Dungeon (9/15)             Temple (0/1) D:5            Lair (1/8) D:9
    Orc: D:9-12

Altars:
Ashenzari
Dithmenos
Fedhas
Gozag
Makhleb
Nemelex Xobeh
Okawaru
Trog
Xom
The Shining One


Innate Abilities, Weirdness & Mutations

You have a pair of large antennae on your head (SInv).
When hurt, damage is shared between your health and your magic reserves.


Message History

* * * LOW HITPOINT WARNING * * *
The minotaur barely misses you.
You take 16 damage, and have 12/74 hp.
MASSIVE DAMAGE!!
You regained 3 hp, and now have 15/74 hp.
You regained 2 mp, and now have 3/28 mp.
You bump into the crystal wall.
The minotaur hits you with a vampiric broad axe!!
* * * LOW HITPOINT WARNING * * *
The minotaur completely misses you.
You take 14 damage, and have 1/74 hp.
You now have 0/28 mp.
Drink which item? (? for menu, Esc to quit)
You feel better.
You feel less invigorated.
You regained 14 hp, and now have 15/74 hp.
You regained 4 mp, and now have 4/28 mp.
Drink which item? (? for menu, Esc to quit)
You feel better.
The minotaur hits you with a vampiric broad axe!!
* * * LOW HITPOINT WARNING * * *
The minotaur gores you!
You die...

#*#. ##,##### *.# ,
* # .....#. .# , ##
## ....., .,* ,
,,,#.# . ▓▓▓▓▓▓▓
###.#.▓≈≈≈≈≈ ,* * ,
# ...▓≈≈<≈ * , *
*#.## .#≈... * *,
.. #.###.###
****,#.#.#..H@.#,*,
, , #,..###'###.#,*
* ,* #..........# *
, *,....
...#.......# *
.#.###.###########
,# #.., , * * * *.#
* * , , .# , * , *
,### * *


You could see a minotaur.

Vanquished Creatures
  Erolcha (D:8)
  Pikel (D:7)
  Psyche (D:8)
  A hippogriff (D:8)
  Menkaure (D:7)
  A water moccasin (D:8)
  2 orc warriors
  2 sky beasts
  2 phantoms
  4 centaurs
  2 ogres
  2 ice beasts
  6 giant frogs
  4 scorpions
  4 killer bees (D:8)
  A crimson imp (D:6)
  4 hounds
  A quasit (D:9)
  A giant frog skeleton (D:6)
  A jelly (D:7)
  Crazy Yiuf (D:6)
  4 orc priests
  6 orc wizards
  Natasha (D:2)
  A gnoll shaman (D:6)
  3 iguanas
  8 worker ants
  2 hound zombies (D:5)
  A hound skeleton (D:9)
  2 worker ant zombies
  8 gnolls
  13 adders
  5 river rats
  2 oozes
  2 adder skeletons (D:5)
  An adder zombie (D:6)
  4 worms
  35 orcs
  16 bats
  A bat skeleton (D:7)
  A bat zombie (D:6)
  4 giant cockroaches
  15 goblins
  19 hobgoblins
  11 kobolds
  7 quokkas
  2 ball pythons
  7 giant geckos
  A giant gecko zombie (D:5)
  5 giant newts
  12 jackals
  16 rats
258 creatures vanquished.

Vanquished Creatures (others)
  Maurice (D:8)
  An adder (D:7)
  A bat (D:7)
  A kobold (D:7)
4 creatures vanquished.

Grand Total: 262 creatures vanquished

Notes
Turn   | Place    | Note
--------------------------------------------------------------
     0 | D:1      | Geomchi the Demonspawn Ice Elementalist began the quest for the Orb.
     0 | D:1      | Reached XP level 1. HP: 13/13 MP: 3/3
   191 | D:1      | Gained mutation: You have a pair of small antennae on your head. [demonic ancestry]
   191 | D:1      | Reached XP level 2. HP: 19/19 MP: 0/5
   455 | D:1      | Reached skill level 3 in Ice Magic
  1323 | D:2      | Reached XP level 3. HP: 24/24 MP: 7/7
  1741 | D:2      | Noticed Natasha
  1748 | D:2      | Killed Natasha
  1748 | D:2      | Gained mutation: When hurt, damage is shared between your health and your magic reserves. [demonic ancestry]
  1748 | D:2      | Reached XP level 4. HP: 21/30 MP: 8/8
  2039 | D:2      | Found a glowing golden altar of the Shining One.
  2209 | D:3      | Learned a level 4 spell: Throw Icicle
  3166 | D:3      | Reached XP level 5. HP: 33/35 MP: 10/10
  3883 | D:4      | Reached skill level 4 in Ice Magic
  3972 | D:4      | Found a glowing drain.
  3981 | Sewer    | Entered a sewer
  4022 | Sewer    | Noticed Amnekian's ghost (average TrMo)
  4334 | D:4      | Reached XP level 6. HP: 31/41 MP: 11/11
  4423 | D:4      | Found a bloodstained altar of Trog.
  4570 | D:4      | Found a sparkling altar of Nemelex Xobeh.
  4573 | D:4      | Found a blossoming altar of Fedhas.
  4575 | D:4      | Found a shattered altar of Ashenzari.
  4575 | D:4      | Found a shadowy altar of Dithmenos.
  4583 | D:4      | Became a worshipper of Ashenzari the Shackled
  5072 | D:4      | Found an opulent altar of Gozag.
  5602 | D:4      | Identified a +0 rod of inaccuracy (9/9)
  5895 | D:5      | Entered Level 5 of the Dungeon
  5975 | D:4      | HP: 1/41 [sky beast (5)]
  6000 | D:4      | Reached XP level 7. HP: 24/46 MP: 0/12
  6159 | D:4      | Upgraded the game from 0.17-a0-1558-g9d24de5 to 0.17-a0-1562-g9b2c768
  6173 | D:5      | Reached skill level 5 in Conjurations
  6173 | D:5      | Reached skill level 5 in Ice Magic
  6432 | D:5      | Found an iron altar of Okawaru.
  6920 | D:5      | Found a staircase to the Ecumenical Temple.
  7147 | D:5      | Found an opulent altar of Gozag.
  7197 | D:5      | Acquired Ashenzari's first power
  7428 | D:6      | Reached skill level 6 in Conjurations
  8066 | D:6      | Gained mutation: You have a pair of antennae on your head. [demonic ancestry]
  8066 | D:6      | Reached XP level 8. HP: 38/52 MP: 10/14
  8163 | D:6      | Reached skill level 1 in Shields
  8352 | D:6      | Found a burning altar of Makhleb.
  8803 | D:6      | Reached skill level 1 in Fighting
  8808 | D:6      | Reached skill level 1 in Axes
  8957 | D:6      | Noticed Crazy Yiuf
  8961 | D:6      | Killed Crazy Yiuf
  9687 | D:7      | Learned a level 3 spell: Ozocubu's Armour
  9692 | D:7      | Learned a level 4 spell: Condensation Shield
  9731 | D:7      | Noticed Menkaure
 10000 | D:7      | Killed Menkaure
 10157 | D:7      | Reached XP level 9. HP: 57/64 MP: 15/15
 10194 | D:7      | Identified the +7 rapier "Hofro" {drain, rPois rN+ Str-2}
 10617 | D:7      | Noticed Pikel
 10629 | D:7      | Killed Pikel
 10629 | D:7      | Reached skill level 5 in Dodging
 10961 | D:8      | Reached skill level 5 in Fighting
 11389 | D:8      | Noticed Psyche
 11400 | D:8      | Killed Psyche
 11413 | D:8      | Reached skill level 5 in Spellcasting
 11441 | D:8      | Noticed Maurice
 11704 | D:8      | Killed Maurice
 11704 | D:8      | Reached skill level 7 in Ice Magic
 12019 | D:8      | Acquired Ashenzari's second power
 12151 | D:8      | Gained mutation: You have a pair of large antennae on your head (SInv). [demonic ancestry]
 12151 | D:8      | Reached XP level 10. HP: 58/74 MP: 16/18
 12353 | D:8      | Found a shimmering altar of Xom.
 12807 | D:8      | Noticed Erolcha
 12824 | D:8      | Killed Erolcha
 12824 | D:8      | Reached skill level 1 in Charms
 13517 | D:9      | Reached skill level 1 in Short Blades
 13774 | D:9      | Acquired Ashenzari's third power
 13957 | D:9      | Found a staircase to the Lair.
 14071 | Lair:1   | Entered Level 1 of the Lair of Beasts
 14090 | Lair:1   | Found a labyrinth entrance.
 14113 | Lab      | Entered a labyrinth
 14729 | Lab      | Noticed a minotaur
 14743 | Lab      | HP: 1/74 [minotaur/vampiric broad axe (17)]
 14745 | Lab      | Mangled by a minotaur

Vault maps used:
D:1:      dpeg_arrival_pits
D:2:      tso_altar, kennysheep_generic_room_5, uniq_natasha
D:4:      grunt_temple_overflow_open, grunt_gozag_statues, first_bread,
          portal_sewer_entry_b
D:5:      minmay_temple_entry_from_below_a, basic_altar, okawaru_trees_1
D:6:      overflow_temple_1_default, uniq_crazy_yiuf_cottage
D:7:      uniq_menkaure, uniq_pikel
D:8:      old_standard_altar, uniq_maurice, uniq_erolcha, uniq_psyche
D:9:      lair_0_dummy
Lair:1:   lab_entry_generic
Lab:      labyrinth_watery, nicolae_lab_statue
Sewer:    sewer_co_15_rooms

Action                   |  1- 3 |  4- 6 |  7- 9 | 10-12 || total
-------------------------+-------+-------+-------+-------++-------
Melee: Unarmed           |     7 |       |       |       ||     7
       Short sword       |     4 |    15 |       |       ||    19
       Hand axe          |       |    38 |   203 |   121 ||   362
 Cast: Freeze            |    59 |   137 |   186 |    53 ||   435
       Throw Icicle      |       |     4 |    18 |     5 ||    27
       Ozocubu's Armour  |       |       |     2 |     1 ||     3
  Use: Scroll            |       |     5 |     7 |     1 ||    13
       Potion            |       |     3 |     2 |     5 ||    10
 Stab: Sleeping          |       |       |     1 |     2 ||     3
       Distracted        |       |       |     1 |       ||     1
  Eat: Chunk             |     3 |    11 |    16 |     1 ||    31
       Meat ration       |       |     1 |     1 |     1 ||     3
       Pizza             |       |       |       |     1 ||     1
